 Dungeon Crawl Stone Soup version 0.29.1-2-gbd0b4ee654 (webtiles) character file.

Game seed: 5360398513066533841

40 DemonSlayer the Firebug (level 3, 0/24 HPs)
             Began as a Demonspawn Fire Elementalist on Nov 10, 2022.
             Frozen to death by an endoplasm (5 damage)
             ... on level 2 of the Dungeon.
             The game lasted 00:05:09 (1512 turns).

DemonSlayer the Firebug (DsFE)                      Turns: 1512, Time: 00:05:10

Health: 0/24       AC:  7    Str:  5 (8)  XL:     3   Next: 30%
Magic:  5/6        EV:  9    Int: 15 (18) God:
Gold:   76         SH:  0    Dex: 10 (13) Spells: 3/6 levels left

rFire   . . .      SeeInvis .   d - +1 dagger
rCold   . . .      Faith    .   (no shield)
rNeg    . . .      Spirit   .   a - +0 robe
rPois   .          Reflect  .   (no helmet)
rElec   .          Harm     .   (no cloak)
rCorr   .          Rampage  .   b - +0 pair of gloves
Will    .....                   (no boots)
Stlth   ++........              (no amulet)
HPRegen 0.08/turn               f - +4 ring of protection
MPRegen 0.10/turn               l - ring of flight

@: flying, constricted
A: demonic guardian 1, mutation resistance 1, subdued magic 1
a: no special abilities


You were on level 2 of the Dungeon.
You visited 1 branch of the dungeon, and saw 2 of its levels.

You collected 76 gold pieces.

Inventory:

Hand Weapons
 d - a +1 dagger (weapon)
Missiles
 g - 4 silver boomerangs
 m - a throwing net
Armour
 a - a +0 robe (worn)
 b - a +0 pair of gloves (worn)
Jewellery
 f - a +4 ring of protection (left hand)
 l - a ring of flight (right hand)
Scrolls
 e - a scroll of enchant weapon
 h - 3 scrolls of identify
 n - a scroll of vulnerability


   Skills:
 + Level 0.4 Short Blades
 + Level 2.2 Dodging
 + Level 1.8 Stealth
 + Level 2.4 Spellcasting
 + Level 1.0 Conjurations
 + Level 3.3 Fire Magic


You had 3 spell levels left.
You knew the following spells:

 Your Spells              Type           Power      Damage    Failure   Level
a - Foxfire               Conj/Fire      24%        2x1d5     7%          1
b - Scorch                Fire           18%        2d5       7%          2

Your spell library contained the following spells:

 Spells                   Type           Power      Damage    Failure   Level
 Conjure Flame            Conj/Fire      6%         6-21      22%         3
 Inner Flame              Hex/Fire       5%         N/A       28%         3
 Flame Wave               Conj/Fire      6%         2d5       61%         4


Dungeon Overview and Level Annotations

Branches:
Dungeon (2/15)

Altars:

Annotations:
D:2 Robin


Innate Abilities, Weirdness & Mutations

A weak demonic guardian rushes to your aid.
You are somewhat resistant to further mutation.
Your spells are a little easier to cast, but a little less powerful.


Message History

The endoplasm attacks as you move away!
The endoplasm hits you but does no damage.
The endoplasm attacks as you move away!
The endoplasm hits you but does no damage.
Found a scroll of enchant weapon.
The endoplasm attacks as you move away! The endoplasm completely misses you.
An endoplasm comes into view.
You feel your willpower return.
A ball python comes into view.
The endoplasm moves out of view.
The endoplasm attacks as you move away!
The endoplasm hits you but does no damage.
You see here a scroll of enchant weapon.
e - a scroll of enchant weapon The ball python hisses angrily.
The endoplasm hits you but does no damage.
As you read the scroll labelled ATHATAFEILU, it crumbles to dust.
Your body is wracked with pain!
* * * LOW HITPOINT WARNING * * *
The endoplasm convulses!
It was a scroll of torment.
The endoplasm closely misses you.
As you read the scroll labelled ERUOC ATZENT, it crumbles to dust.
It is a scroll of identify.
You don't have any unidentified items.
The endoplasm barely misses you. The endoplasm attacks as you move away!
The endoplasm hits you but does no damage.
A bat comes into view.
The ball python bites you.
* * * LOW HITPOINT WARNING * * *
The ball python barely misses you.
The ball python bites you but does no damage.
The ball python grabs you. The ball python constricts you.
The ball python's grasp on you weakens, but your attempt to escape fails.
The ball python bites you but does no damage.
The ball python constricts you.
The endoplasm hits you but does no damage.
The endoplasm freezes you.
You are frozen.
You die...

# ... #### # #.. ..# #
#.# # #.# # b # ...
...####.##### ..#. #.#
..........J.g
#..###.###...####g#####
#.#.........# #.#
##.....@J##.# #g#
.......JS...# #g#
####...g.#### #g#
##.#g## #.#
###.##########.#
#gg.ggg.g....#
##############


You could see Robin, 2 endoplasms, 3 goblins, a bat (asleep) and a ball python.

Vanquished Creatures
  An adder (D:2)
  2 dart slugs
  2 ball pythons (D:2)
  2 giant cockroaches (D:2)
  5 goblins
  A hobgoblin (D:2)
  A quokka (D:2)
  4 bats
  3 frilled lizards
  5 kobolds
  2 rats
28 creatures vanquished.

Vanquished Creatures (others)
  39 foxfires (D:1)
39 creatures vanquished.

Grand Total: 67 creatures vanquished

Notes
Turn   | Place    | Note
-------+----------+-------------------------------------------
     0 | D:1      | DemonSlayer the Demonspawn Fire Elementalist began the
                  | quest for the Orb.
     0 | D:1      | Reached XP level 1. HP: 13/13 MP: 3/3
   458 | D:1      | Gained mutation: A weak demonic guardian rushes to your
                  | aid. [demonic ancestry]
   458 | D:1      | Reached XP level 2. HP: 19/19 MP: 0/5
   461 | D:1      | Learned a level 2 spell: Scorch
   639 | D:1      | Found a faded altar of an unknown god.
  1149 | D:2      | Reached skill level 3 in Fire Magic
  1360 | D:2      | Reached XP level 3. HP: 22/24 MP: 1/6
  1444 | D:2      | Noticed Robin
  1470 | D:2      | Gained mutation: You are somewhat resistant to further
                  | mutation. [potion of mutation]
  1470 | D:2      | Gained mutation: Your spells are a little easier to cast,
                  | but a little less powerful. [potion of mutation]
  1512 | D:2      | Frozen to death by an endoplasm

Illustrated notes

Levels and vault maps discovered:
D:1:      dpeg_arrival_boxes_within_box, layout_rooms, basic_ecumenical_altar,
          nicolae_titane
D:2:      layout_loops_ring, uniq_robin

Skill      XL: |  1  2 |
---------------+-------+-----
Dodging        | 2 |  2.2
Fire Magic     | 3 |  3.3
Short Blades   | |  0.4
Stealth        | |  1.8
Spellcasting   | |  2.4
Conjurations   | |  1.0

Action                   || total
-------------------------++-------
Melee: Dagger            ||    37
 Cast: Foxfire           ||    21
       Scorch            ||    19
  Use: Potion            ||     5
       Scroll            ||     6
Armor: Robe              ||    33
Dodge: Dodged            ||    56
